 Dungeon Crawl Stone Soup version 0.26-a0-597-gb535b0901c (webtiles) character file.

Game seed: 9128193127252229964

7992 Cokeysmoke the Cleaver (level 11, -8/99 HPs)
             Began as a Hill Orc Fighter on Sept 6, 2020.
             Was an Initiate of Gozag.
             Mangled by Snorg (20 damage)
             ... on level 10 of the Dungeon.
             The game lasted 00:24:12 (9568 turns).

Cokeysmoke the Cleaver (Hill Orc Fighter)           Turns: 9568, Time: 00:24:14

Health: -8/99      AC: 18    Str: 23    XL:     11   Next: 23%
Magic:  11/11      EV:  8    Int:  8    God:    Gozag
Gold:   1552       SH: 13    Dex: 10    Spells: 10/10 levels left

rFire    + . .     SeeInvis +   H - +5 mace of Anguish {freeze, SInv Stlth+}
rCold    . . .     Faith    .   N - +2 kite shield
rNeg     . . .     Spirit   .   o - +0 chain mail
rPois    .         Reflect  .   k - +0 helmet
rElec    .         Harm     .   K - +2 cloak
rCorr    .                      B - +0 pair of gloves
MR       .....                  t - +0 pair of boots
Stlth    ..........             (no amulet)
HPRegen  0.26/turn              d - ring of protection from fire
MPRegen  0.12/turn              (no ring)

@: no status effects
A: no striking features
a: Potion Petition, Call Merchant, Bribe Branch, Renounce Religion


You were on level 10 of the Dungeon.
You worshipped Gozag.
Gozag was most pleased with you.
You visited 1 branch of the dungeon, and saw 10 of its levels.

You collected 1600 gold pieces.
You paid 48 gold pieces to Gozag.

Inventory:

Hand Weapons
 a - a +0 war axe
 b - a +2 spear of flaming
 H - the +5 mace of Anguish (weapon) {freeze, SInv Stlth+}
   (You found it on level 9 of the Dungeon)

   It has been specially enchanted to freeze those struck by it, causing extra
   injury to most foes and up to half again as much damage against particularly
   susceptible opponents.
   It can also slow down cold-blooded creatures.
   It lets you see invisible.
   It makes you more stealthy.
Missiles
 E - 31 poisoned darts (quivered)
Armour
 k - a +0 helmet (worn)
 o - a +0 chain mail (worn)
 t - a +0 pair of boots (worn)
 B - a +0 pair of gloves (worn)
 K - a +2 cloak (worn)
 N - a +2 kite shield (worn)
Jewellery
 d - a ring of protection from fire (left hand)
 y - an uncursed ring of ice
Wands
 r - a wand of random effects (17)
 w - a wand of polymorph (6)
 z - a wand of digging (4)
 F - a wand of flame (19)
Scrolls
 g - 9 scrolls of teleportation
 h - 4 scrolls of magic mapping
 i - 3 scrolls of fear
 m - 7 scrolls of amnesia
 p - 6 scrolls of fog
 s - 3 scrolls of remove curse
 v - 3 scrolls of enchant weapon
 x - 2 scrolls of enchant armour {unknown}
 G - a scroll of immolation {unknown}
 L - a scroll of blinking {unknown}
Potions
 c - a potion of curing
 e - 5 potions of heal wounds
 f - 2 potions of lignification
 j - 2 potions of stabbing {unknown}
 l - a potion of brilliance {unknown}
 n - 2 potions of berserk rage {unknown}
 q - a potion of resistance {unknown}
 u - 2 potions of mutation {unknown}
 A - a potion of ambrosia {unknown}
 D - 2 potions of cancellation {unknown}
 I - a potion of degeneration {unknown}
 J - a potion of magic {unknown}
 M - 3 potions of haste {unknown}


   Skills:
 + Level 9.8 Fighting
 - Level 12.4(12.8) Axes
 * Level 4.2(8.1) Maces & Flails
 + Level 8.9 Armour
 + Level 2.2 Dodging
 - Level 0.2 Stealth
 + Level 9.1 Shields


You had 10 spell levels left.
You didn't know any spells.
Your spell library contained the following spells:

 Spells                   Type           Power        Failure   Level
 Foxfire                  Conj/Fire      #...         99%         1
 Magic Dart               Conj           #...         99%         1
 Sandblast                Erth           #.....       99%         1
 Passwall                 Tmut/Erth      #.......     100%        2
 Searing Ray              Conj           #.....       100%        2
 Conjure Flame            Conj/Fire      #.......     100%        3
 Dazzling Flash           Conj/Hex       #.....       100%        3
 Inner Flame              Hex/Fire       #.......     100%        3
 Stone Arrow              Conj/Erth      #.....       100%        3
 Fulminant Prism          Conj/Hex       #.........   100%        4
 Iskenderun's Mystic Bla  Conj/Tloc      #.......     100%        4
 Petrify                  Tmut/Erth      #.......     100%        4
 Sticky Flame             Conj/Fire      #.......     100%        4
 Fireball                 Conj/Fire      #.........   100%        5
 Irradiate                Conj/Tmut      #.........   100%        5
 Lee's Rapid Deconstruct  Erth           #.........   100%        5
 Hydra Form               Tmut           #.........   100%        6
 Statue Form              Tmut/Erth      #........    100%        6
 Dragon Form              Tmut           #.........   100%        7


Dungeon Overview and Level Annotations

Branches:
Dungeon (10/15)            Temple (0/1) D:5            Lair (0/6) D:10
    Orc: D:9-12

Altars:
Ashenzari
Fedhas
Gozag
Makhleb
Okawaru
Ru
Trog
Yredelemnul
The Shining One

Annotations:
D:8 exclusion: oklob plant
D:10 Snorg


Message History

Snorg is moderately wounded.
Snorg bites you! Snorg claws you but does no damage. Snorg barely misses you.
You hit Snorg but do no damage.
Snorg is moderately wounded.
You block Snorg's attack. x2; Snorg claws you.
Snorg bites you but does no damage. You block Snorg's attack.
Snorg barely misses you.
You barely miss Snorg.
Snorg is moderately wounded.
The kobold is no longer distracted by gold.
Snorg bites you but does no damage. You block Snorg's attack. x2
You bludgeon Snorg!! You freeze Snorg.
Snorg is heavily wounded.
Snorg barely misses you. Snorg claws you.
* * * LOW HITPOINT WARNING * * *
Snorg claws you!
* * * LOW HITPOINT WARNING * * *
Snorg bites you!!
You die...
Your body crumbles into a pile of gold.

#..# #.# #P..P.P ##.# #.##
.).PP.P ##'#### #..#
##....... ......# ######.##
#........ ......##........#
#........ ......#.........#
#........
................####$....P.>
......##.......)##r(.....P..
...)..##.......(@TK..$..P.PP
......##........###.....PP.P
......####.###### #..(.P.PP.
......# #. ##....P.PP
###+### # ###...P.. .PP..P
#.PP.. P/.P


You could see Snorg (berserk), a porcupine and a kobold.

Vanquished Creatures
  The ghost of krystol the Blocker, a novice BaSu of Okawaru (D:9)
  A two-headed ogre (D:10)
  The ghost of Gruesome the Covert, a novice OpBr of Dithmenos (D:9)
  Pikel (D:4)
  Joseph (D:8)
  3 hippogriffs (D:8)
  3 yaks (D:9)
  Sigmund (D:3)
  2 wyverns
  A wraith (D:10)
  A water moccasin (D:9)
  3 porcupines (D:10)
  2 black bears
  3 phantoms
  A necrophage (D:7)
  4 ogres
  4 centaurs
  A crocodile (D:10)
  2 big kobolds
  7 bullfrogs
  A water moccasin zombie (D:10)
  2 scorpions
  A wyvern skeleton (D:10)
  4 wights (D:7)
  A howler monkey (D:3)
  2 centaur zombies
  2 bullfrog zombies
  3 hounds
  3 orc priests
  Crazy Yiuf (D:6)
  2 centaur skeletons
  6 orc wizards
  A gnoll shaman (D:4)
  3 bullfrog skeletons
  An iguana (D:6)
  7 worker ants
  A killer bee zombie (D:8)
  A hound zombie (D:6)
  13 adders
  3 gnolls (D:4)
  2 shadow imps
  A white imp (D:6)
  3 ufetubi (D:8)
  2 oozes
  2 adder zombies (D:8)
  2 adder skeletons
  8 worms
  3 dart slugs
  6 leopard geckos
  26 orcs
  4 giant cockroaches
  8 goblins
  2 hobgoblins (D:1)
  13 jackals
  11 kobolds
  4 quokkas
  A ball python (D:2)
  7 bats
  2 frilled lizards
  A quokka zombie (D:5)
  4 rats
213 creatures vanquished.

Vanquished Creatures (others)
  22 fungi (D:10)
  33 plants
55 creatures vanquished.

Grand Total: 268 creatures vanquished

Notes
Turn   | Place    | Note
-------+----------+-------------------------------------------
     0 | D:1      | Cokeysmoke the Hill Orc Fighter began the quest for the
                  | Orb.
     0 | D:1      | Reached XP level 1. HP: 19/19 MP: 1/1
   296 | D:1      | Reached XP level 2. HP: 27/27 MP: 2/2
   915 | D:1      | Found a glowing golden altar of the Shining One.
   957 | D:2      | Reached skill level 3 in Axes
  1083 | D:2      | Reached XP level 3. HP: 32/33 MP: 3/3
  1541 | D:2      | Found a basalt altar of Yredelemnul.
  1642 | D:2      | Found a bloodstained altar of Trog.
  2243 | D:3      | Reached XP level 4. HP: 40/40 MP: 4/4
  2338 | D:3      | Reached skill level 4 in Axes
  2420 | D:3      | Reached XP level 5. HP: 38/47 MP: 5/5
  2699 | D:3      | Found an opulent altar of Gozag.
  2768 | D:3      | Became a worshipper of Gozag Ym Sagoz the Greedy
  2775 | D:3      | Noticed Sigmund
  2790 | D:3      | Killed Sigmund
  2790 | D:3      | Reached skill level 6 in Axes
  2790 | D:3      | Reached XP level 6. HP: 49/53 MP: 6/6
  3333 | D:4      | Reached XP level 7. HP: 52/60 MP: 7/7
  3334 | D:4      | Reached skill level 5 in Fighting
  3555 | D:4      | Noticed Pikel
  3602 | D:4      | Killed Pikel
  3602 | D:4      | Reached skill level 7 in Axes
  3602 | D:4      | Reached skill level 5 in Armour
  3602 | D:4      | Reached skill level 5 in Shields
  3602 | D:4      | Reached XP level 8. HP: 60/70 MP: 8/8
  3663 | D:4      | Found an iron altar of Okawaru.
  4121 | D:5      | Entered Level 5 of the Dungeon
  4155 | D:5      | Reached skill level 8 in Axes
  4208 | D:5      | Found a staircase to the Ecumenical Temple.
  5070 | D:6      | Reached skill level 9 in Axes
  5186 | D:6      | Reached XP level 9. HP: 49/79 MP: 9/9
  5480 | D:6      | Found a shattered altar of Ashenzari.
  5486 | D:6      | Found a glowing golden altar of the Shining One.
  5487 | D:6      | Found a blossoming altar of Fedhas.
  5490 | D:6      | Found a burning altar of Makhleb.
  5646 | D:6      | Found a runed translucent door.
  5647 | D:6      | Noticed Crazy Yiuf
  5747 | D:6      | Killed Crazy Yiuf
  6014 | D:7      | Reached skill level 10 in Axes
  7221 | D:8      | Found a sacrificial altar of Ru.
  7221 | D:8      | Noticed an oklob plant
  7255 | D:8      | Noticed Joseph
  7269 | D:8      | Killed Joseph
  7269 | D:8      | Reached skill level 11 in Axes
  7269 | D:8      | Reached XP level 10. HP: 41/89 MP: 10/10
  7992 | D:9      | Found a runed translucent gate.
  7994 | D:9      | Found a runed translucent gate.
  7995 | D:9      | Found a runed translucent gate.
  7996 | D:9      | Noticed krystol's ghost (novice BaSu)
  7996 | D:9      | Noticed Gruesome's ghost (novice OpBr)
  8071 | D:9      | Killed Gruesome's ghost
  8071 | D:9      | Reached skill level 12 in Axes
  8093 | D:9      | Killed krystol's ghost
  8106 | D:9      | Got a polished mace
  8116 | D:9      | Identified the +5 mace of Anguish {freeze, SInv Stlth+}
                  | (You found it on level 9 of the Dungeon)
  8401 | D:9      | Reached skill level 1 in Maces & Flails
  8441 | D:9      | Reached skill level 1 in Dodging
  8946 | D:10     | Entered Level 10 of the Dungeon
  9002 | D:10     | Reached XP level 11. HP: 95/97 MP: 11/11
  9113 | D:10     | Noticed a two-headed ogre
  9122 | D:10     | Killed a two-headed ogre
  9508 | D:10     | Found a staircase to the Lair.
  9550 | D:10     | Noticed Snorg
  9568 | D:10     | Mangled by Snorg

Illustrated notes

Levels and vault maps discovered:
D:1:      dpeg_arrival_water_altar, layout_loops_corners, minivault_25
D:2:      layout_rooms, bloody_trog, serial_co_window_serial,
          co_window_corner_a, co_window_of_opportunity_a, co_window_corner_a,
          co_window_corner_a, co_window_of_opportunity_a,
          co_window_of_opportunity_a, co_window_corner_b, co_window_broadway_b,
          co_window_of_opportunity_b, co_window_2corner, co_window_2corner,
          co_window_corner_b, co_window_broadway_c, co_window_4corner_a,
          co_window_paths_e, yredelemnul_altar_generic
D:3:      layout_rooms, grunt_gozag_breadcrumbs, serial_bayou_lake_a,
          uniq_sigmund
D:4:      layout_gridville, serial_rivers, chequers_serial_rivers_micro_d,
          chequers_serial_rivers_room_a, chequers_serial_rivers_room_b,
          chequers_serial_rivers_micro_c, okawaru_trees_2, uniq_pikel
D:5:      layout_basic, minmay_temple_entry_wispy, minivault_27
D:6:      layout_cave_pools, minitemple, uniq_crazy_yiuf_cottage
D:7:      layout_cave_pools
D:8:      layout_cave_pools, lemuel_oklob_altar, uniq_joseph
D:9:      layout_roguey, gammafunk_ghost_cemetery
D:10:     layout_roguey, due_lair_maze_entry_diamond, uniq_josephine, uniq_snorg

Skill      XL: |  1  2  3  4  5  6  7  8  9 10 11 |
---------------+----------------------------------+-----
Fighting       | 4 6 7 8 9 |  9.8
Axes           | 3 4 6 7 9 11 12 | 12.4
Shields        | 4 5 6 7 8 9 |  9.1
Armour         | 4 5 6 7 8 |  8.9
Maces & Flails | 2 4 |  4.2
Dodging        | 1 2 |  2.2
Stealth        | |  0.2

Action                   |  1- 3 |  4- 6 |  7- 9 | 10-12 || total
-------------------------+-------+-------+-------+-------++-------
Melee: War axe           |   148 |    97 |   417 |   124 ||   786
       Mace              |       |       |       |   169 ||   169
  Use: Potion            |       |     1 |     1 |     4 ||     6
       Scroll            |       |       |     9 |     2 ||    11
 Stab: Distracted        |       |       |     2 |     4 ||     6
Armor: Scale mail        |    89 |       |       |       ||    89
       Chain mail        |     1 |    42 |   199 |   141 ||   383
       Skin              |       |       |       |    38 ||    38
Dodge: Dodged            |    47 |    27 |   112 |    66 ||   252
Block: Kite shield       |    95 |    48 |   245 |   205 ||   593

Table legend: (Time is in decaauts)
 A = Elapsed time spent in this place.
 B = Non-inter-level travel time spent in this place.
 C = Inter-level travel time spent in this place.
 D = Time resting spent in this place.
 E = Time spent auto-exploring this place.
 F = Levels seen in this place.
 G = Mean time per level.
                   A        B        C        D        E       F      G
               +--------+--------+--------+--------+--------+-----+--------+
         Total |   9776 |   9579 |    197 |    782 |   6853 |  10 |  977.6 |
       Dungeon |   9776 |   9579 |    197 |    782 |   6853 |  10 |  977.6 |
               +--------+--------+--------+--------+--------+-----+--------+

Top non-repeatable levels by time:
     D:2: 1341 daAuts
     D:9: 1077 daAuts
     D:3: 1067 daAuts
     D:6: 1020 daAuts
     D:8: 1018 daAuts
     D:7: 984 daAuts
     D:1: 961 daAuts
     D:4: 906 daAuts
     D:5: 767 daAuts
    D:10: 632 daAuts
